 Dungeon Crawl Stone Soup version 0.29.1-12-g30fa7ad0bf (webtiles) character file.

Game seed: 3560949509359654281

21088 sanboga the Severer (level 12, -1/113 HPs)
             Began as a Minotaur Berserker on Jan 1, 2023.
             Was an Elder of Trog.
             Slain by a two-headed ogre
             ... wielding a +0 giant spiked club
              (22 damage)
             ... on level 12 of the Dungeon.
             The game lasted 00:15:40 (15395 turns).

sanboga the Severer (Minotaur Berserker)           Turns: 15395, Time: 00:15:41

Health: -1/113     AC: 19    Str: 33    XL:     12   Next: 51%
Magic:  11/11      EV:  7    Int:  4    God:    Trog [****..]
Gold:   274        SH: 17    Dex: 10    Spells: 11/11 levels left

rFire   + . .      SeeInvis .   C - +2 war axe (venom)
rCold   . . .      Faith    .   G - +2 kite shield
rNeg    . . .      Spirit   .   a - +0 plate armour
rPois   .          Reflect  +   (helmet restricted)
rElec   .          Harm     .   A - +0 cloak
rCorr   .          Rampage  .   q - +1 pair of gloves
Will    .....                   (no boots)
Stlth   ..........              E - amulet of reflection
HPRegen 0.28/turn               e - ring of protection from fire
MPRegen 0.12/turn               o - +6 ring of strength

@: on berserk cooldown, slowed, studying Dodging, very slow
A: horns 2, retaliatory headbutt
a: Renounce Religion, Berserk, Trog's Hand, Brothers in Arms


You were on level 12 of the Dungeon.
You worshipped Trog.
Trog was greatly pleased with you.
You visited 1 branch of the dungeon, and saw 12 of its levels.
You also visited: Sewer and Gauntlet.

You collected 714 gold pieces.
You spent 440 gold pieces at shops.

Inventory:

Hand Weapons
 C - a +2 war axe of venom (weapon)
Armour
 a - a +0 plate armour (worn)
 q - a +1 pair of gloves (worn)
 x - a +0 tower shield
 A - a +0 cloak (worn)
 G - a +2 kite shield (worn)
Jewellery
 e - a ring of protection from fire (left hand)
 o - a +6 ring of strength (right hand)
 B - an amulet of faith
 E - an amulet of reflection (around neck)
Wands
 i - a wand of roots (20)
 u - a wand of polymorph (8)
 y - a wand of paralysis (2)
 z - a wand of quicksilver (28)
Scrolls
 b - 3 scrolls of noise {unknown}
 c - a scroll of summoning {unknown}
 f - 8 scrolls of teleportation
 g - 2 scrolls of enchant weapon {unknown}
 h - 3 scrolls of magic mapping
 k - 3 scrolls of fear
 m - 6 scrolls of enchant armour {unknown}
 r - 2 scrolls of fog {unknown}
 v - 2 scrolls of blinking {unknown}
Potions
 d - 3 potions of haste
 j - a potion of magic {unknown}
 l - a potion of berserk rage
 n - a potion of invisibility
 p - 2 potions of mutation
 s - a potion of degeneration {unknown}
 t - 6 potions of curing
 w - a potion of flight {unknown}
 D - a potion of ambrosia {unknown}


   Skills:
 + Level 12.4 Fighting
 * Level 16.7 Axes
 + Level 12.1 Armour
 - Level 2.1 Dodging
 + Level 8.5 Shields


You had 11 spell levels left.
You didn't know any spells.
Your spell library was empty.

Dungeon Overview and Level Annotations

Branches:
Dungeon (12/15)            Temple (0/1) D:7            Lair (0/5) D:11
    Orc (0/2) D:12          Sewer (visited)         Gauntlet (visited)

Altars:
Elyvilon
Fedhas
Nemelex Xobeh
Ru
Yredelemnul

Shops:
D:1 :   D:2 =   D:6 =   D:8 :(?=(   D:11 *

Portals:
Trove: D:11 (give +7 demon whip)


Innate Abilities, Weirdness & Mutations

You have a pair of horns on your head.
You reflexively headbutt those who attack you in melee.


Message History

You hit the boulder beetle.
The boulder beetle looks as sick as possible!
You headbutt the boulder beetle!
You kill the boulder beetle!
Trog accepts your kill.
A two-headed ogre comes into view.
It is wielding a +0 giant spiked club and a +0 giant club.
A two-headed ogre comes into view.
It is wielding a +0 dire flail and a +0 giant club.
You barely miss the slime creature. You slice the slime creature!!
The slime creature is heavily wounded.
The slime creature hits you!
* * * LOW HITPOINT WARNING * * *
You slash the slime creature!
The slime creature is poisoned.
You headbutt the slime creature!
The slime creature is almost dead.
You slice the slime creature!!
You kill the slime creature!
Trog accepts your kill.
Things that are here:
a staff of poison; a +0 arbalest; 2 stones You feel a strong urge to attack something.
You block the two-headed ogre's attack. The two-headed ogre barely misses you.
You slash the two-headed ogre!
The two-headed ogre is poisoned.
The two-headed ogre is lightly wounded.
You barely miss the two-headed ogre. You headbutt the two-headed ogre!
The two-headed ogre is heavily wounded.
You slash the two-headed ogre!
The two-headed ogre is poisoned.
You are no longer berserk.
You are exhausted.
You feel yourself slow down. You block the two-headed ogre's attack.
The two-headed ogre hits you with a +0 giant club!
* * * LOW HITPOINT WARNING * * *
You hit the two-headed ogre but do no damage.
The two-headed ogre looks as sick as possible!
You headbutt the two-headed ogre!
The two-headed ogre is heavily wounded.
You hit the two-headed ogre but do no damage.
A boulder beetle comes into view.
The two-headed ogre hits you with a +0 giant spiked club!!
You die...

,**,,,,,,,*,8,8,,,,,,*,,☼##*,,,*,
,**,,,,,,,*8,8,8,...,,*.*.?,,,,#,
,**,,....,**,,.*,...,*.*##⌠,,,⌠#.
,**,,....,*,*,#.,#.#,.#,#!.°*,.#.
,,*,.....,,,,,,.##.##.#,#.)###...
8,*,.....,*,,*,,.#.#..#,#.).#..#,
,,*...(..,*,,*,,,....*,#.#)°z.⌠#,
###.......###.####B####.####R###.
........#......O@O.).............
.<..[...#..#.....#'##.....#...###
#########,,#.....#..#.....#...##.
,*,,,,,,,,,#.....#..#...,.#....#.
,*,,,..*####.....####..,,,#....#.
**,,,..##..################...##.
,*,,,,.....,*,,,,,+......#....##.
,*,,,,,....,*,,,,,#......#.......
,*+*****#..*########.....'.......


You could see a boulder beetle and 2 two-headed ogres.

Vanquished Creatures
  A stone giant (D:10)
  A minotaur (Gauntlet)
  A boulder beetle (D:12)
  A yaktaur captain (D:12)
  2 hydras
  A centaur warrior (D:12)
  7 two-headed ogres
  2 tengu warriors
  A death knight (D:12)
  2 sixfirhies (Gauntlet)
  A skeletal warrior (D:10)
  A cyclops (D:11)
  A manticore (D:10)
  An ugly thing (D:12)
  A gargoyle (D:12)
  An apocalypse crab (Gauntlet)
  A komodo dragon (shapeshifter) (D:11)
  An unseen horror (D:12)
  A komodo dragon (D:10)
  A queen bee (shapeshifter) (D:10)
  5 trolls
  Grinder (D:5)
  2 slime creatures
  A wyvern (D:9)
  A wraith (D:11)
  A shadow (D:10)
  2 basilisks
  Menkaure (D:4)
  Edmund (D:5)
  An acid dragon (D:10)
  4 orc warriors
  An ice beast (D:7)
  3 black bears
  An ogre (D:5)
  A sky beast (D:7)
  6 centaurs
  6 kobold brigands
  A necrophage (D:7)
  3 bullfrogs (D:8)
  2 gnoll sergeants
  2 scorpions (D:5)
  4 jellies
  12 killer bees
  3 howler monkeys
  2 hounds (D:7)
  A gnoll bouda (D:6)
  An orc priest (D:9)
  2 iguanas (D:6)
  9 orc wizards
  Terence (D:3)
  19 gnolls
  7 adders
  A white imp (D:7)
  10 ufetubi
  3 worms
  3 dart slugs
  20 orcs
  8 ball pythons
  7 bats
  5 endoplasms
  8 giant cockroaches
  7 goblins
  7 hobgoblins
  6 jackals
  3 quokkas
  2 frilled lizards (Sewer)
  22 kobolds
  10 rats
258 creatures vanquished.

Vanquished Creatures (others)
  2 orcs (D:9)
  14 demonic plants (Gauntlet)
  A fungus (Sewer)
  4 plants (Sewer)
21 creatures vanquished.

Grand Total: 279 creatures vanquished

Notes
Turn   | Place    | Note
-------+----------+-------------------------------------------
     0 | D:1      | sanboga the Minotaur Berserker began the quest for the Orb.
     0 | D:1      | Reached XP level 1. HP: 19/19 MP: 0/0
    87 | D:1      | Reached skill level 4 in Axes
   136 | D:1      | Reached XP level 2. HP: 25/27 MP: 1/1
   344 | D:1      | Found Wouv's Book Emporium.
   566 | D:1      | Reached ** piety under Trog
   567 | D:1      | Reached XP level 3. HP: 32/33 MP: 2/2
  1417 | D:2      | Found Socso's Jewellery Emporium.
  1741 | D:2      | Reached XP level 4. HP: 38/40 MP: 3/3
  2279 | D:3      | Reached skill level 5 in Axes
  2684 | D:3      | Found a sacrificial altar of Ru.
  3065 | D:3      | Found a faded altar of an unknown god.
  3066 | D:3      | Noticed Terence
  3076 | D:3      | Killed Terence
  3444 | D:4      | Reached XP level 5. HP: 36/47 MP: 4/4
  3517 | D:4      | Found a glowing drain.
  3530 | Sewer    | Entered a sewer
  3740 | Sewer    | Reached skill level 5 in Fighting
  3740 | Sewer    | Reached skill level 6 in Axes
  3745 | Sewer    | Reached XP level 6. HP: 14/56 MP: 5/5
  4046 | Sewer    | Reached *** piety under Trog
  4096 | Sewer    | Reached skill level 7 in Axes
  4402 | Sewer    | Reached skill level 5 in Armour
  4402 | Sewer    | Reached XP level 7. HP: 11/62 MP: 6/6
  5025 | D:4      | Noticed Menkaure
  5030 | D:4      | HP: 2/62 [dart slug/slug dart (3)]
  5036 | D:4      | Killed Menkaure
  5487 | D:4      | Reached skill level 8 in Axes
  5702 | D:5      | Entered Level 5 of the Dungeon
  5996 | D:5      | Noticed Grinder
  6004 | D:5      | Paralysed by Grinder for 4 turns
  6019 | D:5      | Killed Grinder
  6020 | D:5      | Reached XP level 8. HP: 67/71 MP: 7/7
  6113 | D:5      | Noticed Edmund
  6122 | D:5      | Killed Edmund
  6123 | D:5      | Reached skill level 9 in Axes
  6603 | D:5      | Found a blossoming altar of Fedhas.
  6859 | D:6      | Reached **** piety under Trog
  6958 | D:6      | Identified the +7 sling of Yssios {vorpal, *Corrode rN+
                  | Dex+6}
  7010 | D:6      | Reached skill level 10 in Axes
  7610 | D:6      | Found Meozaf's Jewellery Emporium.
  7827 | D:6      | Reached XP level 9. HP: 81/81 MP: 8/8
  8526 | D:7      | Found a staircase to the Ecumenical Temple.
  8634 | D:7      | Reached skill level 11 in Axes
  9449 | D:8      | Noticed a two-headed ogre
  9457 | D:8      | Killed a two-headed ogre
  9458 | D:8      | Reached skill level 12 in Axes
  9537 | D:8      | Found Tamit's Magic Scroll Shop.
  9764 | D:2      | Bought an amulet of reflection for 360 gold pieces
 10140 | D:8      | Found Moumil's Book Boutique.
 10150 | D:8      | Found Soshos's Weapon Shoppe.
 10158 | D:8      | Bought a +0 war axe for 45 gold pieces
 10184 | D:8      | Found Zuaneen's Jewellery Shoppe.
 10268 | D:8      | Found Quxadechor's Antique Weapon Shop.
 10342 | D:8      | Found a basalt altar of Yredelemnul.
 10351 | D:8      | Found a sparkling altar of Nemelex Xobeh.
 10439 | D:9      | Reached skill level 1 in Shields
 10550 | D:9      | Reached XP level 10. HP: 91/91 MP: 9/9
 10616 | D:9      | Noticed a five-headed hydra
 10623 | D:9      | Killed a nine-headed hydra
 10639 | D:9      | Found a white marble altar of Elyvilon.
 10894 | D:9      | Noticed a two-headed ogre
 10900 | D:9      | Killed a two-headed ogre
 10901 | D:9      | Reached skill level 13 in Axes
 10938 | D:9      | Noticed a two-headed ogre
 10945 | D:9      | Killed a two-headed ogre
 10946 | D:9      | Reached skill level 10 in Fighting
 11270 | D:9      | Identified the +10 dagger "Jelly's Funeral" {spect, Dex+3}
 11450 | D:10     | Entered Level 10 of the Dungeon
 11588 | D:10     | Noticed a two-headed ogre
 11597 | D:10     | Killed a two-headed ogre
 11598 | D:10     | Reached skill level 10 in Armour
 11985 | D:10     | Reached skill level 14 in Axes
 12083 | D:10     | Noticed a two-headed ogre
 12092 | D:10     | Killed a two-headed ogre
 12093 | D:10     | Reached skill level 5 in Shields
 12093 | D:10     | Reached XP level 11. HP: 87/101 MP: 10/10
 12282 | D:10     | Noticed a skeletal warrior
 12282 | D:10     | Noticed a tengu warrior
 12282 | D:10     | Noticed a seven-headed hydra
 12427 | D:10     | Killed a skeletal warrior
 12563 | D:10     | Killed a 12-headed hydra
 12636 | D:10     | Noticed a stone giant
 12649 | D:10     | Killed a stone giant
 12654 | D:10     | Killed a tengu warrior
 13546 | D:11     | Noticed a two-headed ogre
 13550 | D:11     | Reached skill level 15 in Axes
 13552 | D:11     | Killed a two-headed ogre
 14041 | D:11     | Found a staircase to the Lair.
 14114 | D:11     | Found a portal to a secret trove of treasure.
 14377 | D:11     | Found Duustien's Assorted Antiques.
 14384 | D:11     | Bought a scroll labelled CAILIG IRITOA for 35 gold pieces
 14462 | D:12     | Found a gate leading to a gauntlet.
 14471 | Gauntlet | Entered a Gauntlet
 14471 | Gauntlet | Found a transporter.
 14471 | Gauntlet | Found a transporter.
 14475 | Gauntlet | Noticed a sixfirhy
 14481 | Gauntlet | Found a transporter.
 14484 | Gauntlet | Found a transporter.
 14487 | Gauntlet | Noticed a sixfirhy
 14492 | Gauntlet | Found a transporter.
 14495 | Gauntlet | Found a transporter.
 14507 | Gauntlet | Found a transporter.
 14522 | Gauntlet | Found a large runed translucent door.
 14523 | Gauntlet | Found a large runed translucent door.
 14524 | Gauntlet | Found a large runed translucent door.
 14524 | Gauntlet | Found a large runed translucent door.
 14524 | Gauntlet | Noticed a quicksilver ooze
 14525 | Gauntlet | Found a runed translucent gate.
 14526 | Gauntlet | Found a transporter.
 14526 | Gauntlet | Found a runed translucent gate.
 14527 | Gauntlet | Found a runed translucent gate.
 14528 | Gauntlet | Found a large runed translucent door.
 14528 | Gauntlet | Found a large runed translucent door.
 14529 | Gauntlet | Found a large runed translucent door.
 14530 | Gauntlet | Found a large runed translucent door.
 14540 | Gauntlet | Found a large runed translucent door.
 14540 | Gauntlet | Found a large runed translucent door.
 14540 | Gauntlet | Found a runed translucent door.
 14540 | Gauntlet | Found a runed translucent door.
 14541 | Gauntlet | Found a large runed translucent door.
 14542 | Gauntlet | Found a large runed translucent door.
 14544 | Gauntlet | Found a transporter.
 14547 | Gauntlet | Found a transporter.
 14557 | Gauntlet | Found a transporter.
 14560 | Gauntlet | Found a transporter.
 14619 | Gauntlet | Found a large runed translucent door.
 14620 | Gauntlet | Found a large runed translucent door.
 14621 | Gauntlet | Found a large runed translucent door.
 14621 | Gauntlet | Found a large runed translucent door.
 14680 | Gauntlet | Killed a sixfirhy
 14796 | Gauntlet | Killed a sixfirhy
 14913 | Gauntlet | Noticed a minotaur
 14928 | Gauntlet | Killed a minotaur
 14929 | Gauntlet | Reached XP level 12. HP: 112/112 MP: 11/11
 15090 | D:12     | Noticed a death knight
 15093 | D:12     | Noticed a tengu warrior
 15096 | D:12     | Noticed a centaur warrior
 15098 | D:12     | Reached skill level 16 in Axes
 15103 | D:12     | Killed a death knight
 15110 | D:12     | Killed a tengu warrior
 15111 | D:12     | Killed a centaur warrior
 15116 | D:12     | Noticed a boulder beetle
 15367 | D:12     | Noticed a yaktaur captain
 15367 | D:12     | Noticed a two-headed ogre
 15375 | D:12     | Killed a yaktaur captain
 15378 | D:12     | Killed a two-headed ogre
 15386 | D:12     | Killed a boulder beetle
 15386 | D:12     | Noticed a two-headed ogre
 15386 | D:12     | Noticed a two-headed ogre
 15395 | D:12     | Noticed a boulder beetle
 15395 | D:12     | Slain by a two-headed ogre

Illustrated notes

Levels and vault maps discovered:
D:1:      denvon_arrival_hothouse, layout_loops_cross, serial_shops,
          nicolae_shop_waterfront, serial_glass, glass_columns_b,
          glass_columns_c, glass_columns_a, glass_columns_b,
          minmay_strange_pillars, feat_on_display
D:2:      layout_basic, serial_shops, nicolae_shop_hallway_plus
D:3:      layout_loops_ring, mainiacjoe_overflow_six_doors_small,
          hellmonk_ecumenical_altar_blasted, minivault_24, uniq_terence
D:4:      layout_loops_corners, portal_sewer_entry_f, uniq_menkaure
D:5:      layout_gridville, fedhas_altar_4, uniq_edmund, uniq_grinder
D:6:      layout_loops_corners, serial_shops, shop_statue
D:7:      layout_basic, minmay_temple_entry_arrows,
          kennysheep_decorative_pillar, minmay_misc_feat_five
D:8:      layout_cave_pools, mainiacjoe_overflow_swirl, serial_shops,
          shop_coins, nicolae_square_shop, nicolae_diamond_shop,
          kennysheep_mini_moat, nicolae_shop_bloodbath_and_beyond,
          grunt_ministairs_6
D:9:      layout_gridville, elyvilon_altar_4
D:10:     minmay_shrinking_squares, layout_loops_ring
D:11:     wad_crossroads, layout_rooms, lair_entry_dummy, serial_shops,
          kennysheep_mini, nicolae_trove_entry_columns, minmay_microvault
D:12:     minmay_the_grid_square_5x5_4x4_mashed
          [minmay_the_grid_square_5x5_minimal,
          minmay_the_grid_square_5x5_inner_z, minmay_the_grid_square_5x5_bridge,
          minmay_the_grid_square_5x5_slash,
          minmay_the_grid_square_5x5_fancy_junction,
          minmay_the_grid_square_5x5_prize_itemx,
          minmay_the_grid_square_5x5_prize_pseudospiral,
          minmay_the_grid_square_5x5_eight,
          minmay_the_grid_square_5x5_intrusive_squares,
          minmay_the_grid_square_5x5_prize_monsterx,
          minmay_the_grid_square_5x5_prize_open,
          minmay_the_grid_square_5x5_checkered_statues,
          minmay_the_grid_square_5x5_shrine2,
          minmay_the_grid_square_5x5_six_small,
          minmay_the_grid_square_5x5_bracketed,
          minmay_the_grid_square_5x5_tri_point], layout_gridville,
          hiddenorc2_lemuel, gauntlet_entry_generic, uniq_maurice

Skill      XL: |  1  2  3  4  5  6  7  8  9 10 11 12 |
---------------+-------------------------------------+-----
Axes           | 4 5 6 7 8 10 12 14 15 16 | 16.7
Fighting       | 4 5 6 7 9 10 11 12 | 12.4
Armour         | 3 4 5 6 7 8 10 11 12 | 12.1
Shields        | 1 5 7 8 |  8.5
Dodging        | |  2.1

Action                   |  1- 3 |  4- 6 |  7- 9 | 10-12 || total
-------------------------+-------+-------+-------+-------++-------
Melee: Hand axe          |    86 |   116 |   226 |       ||   428
       Headbutt          |    10 |    18 |    41 |    54 ||   123
       Punch             |     3 |     1 |     4 |       ||     8
       War axe           |       |       |    15 |   272 ||   287
Invok: Berserk           |       |     4 |    10 |    14 ||    28
  Use: Scroll            |       |     3 |       |     7 ||    10
       Potion            |       |       |     4 |       ||     4
 Stab: Sleeping          |     1 |       |       |       ||     1
Armor: Animal skin       |    17 |    14 |     5 |       ||    36
       Scale mail        |       |       |    83 |       ||    83
       Plate armour      |       |       |    10 |   125 ||   135
       Chain mail        |       |       |     7 |       ||     7
Dodge: Dodged            |    57 |    62 |   128 |    58 ||   305
Block: Kite shield       |       |       |    21 |   191 ||   212
       Reflection        |       |       |       |     7 ||     7
